 Dungeon Crawl Stone Soup version 0.19.4 (webtiles) character file.

58 Raymar the Chiller (level 3, -2/23 HPs)
             Began as a High Elf Ice Elementalist on Feb 1, 2017.
             Slain by an orc priest
             ... wielding a +0 trident
              (6 damage)
             ... on level 3 of the Dungeon.
             The game lasted 00:09:33 (1464 turns).

Raymar the Chiller (High Elf Ice Elementalist)      Turns: 1464, Time: 00:09:34

Health: -2/23      AC:  5    Str:  7    XL:     3   Next: 76%
Magic:  0/8        EV: 12    Int: 20    God:
Gold:   110        SH:  0    Dex: 15    Spells: 3 memorised, 1 level left

rFire  . . .     SeeInvis .     i - +2 dagger (venom)
rCold  . . .     Gourm    .     a - +0 robe
rNeg   . . .     Faith    .     (no shield)
rPois  .         Spirit   .     (no helmet)
rElec  .         Reflect  .     (no cloak)
rCorr  .         Harm     .     (no gloves)
MR     .....                    j - +2 pair of boots
Stlth  ++........               (no amulet)
                                (no ring)
                                (no ring)

@: drained
A: no striking features
a: no special abilities


You were on level 3 of the Dungeon.
You were full.

You visited 1 branch of the dungeon, and saw 3 of its levels.

You collected 110 gold pieces.

Inventory:

Hand Weapons
 i - a +2 dagger of venom (weapon)
Armour
 a - a +0 robe (worn)
 j - a +2 pair of boots (worn)
Scrolls
 e - a scroll of teleportation
 g - 2 scrolls of blinking
Potions
 c - 2 potions of ambrosia {unknown}
 d - a potion of might
Books
 b - a book of Frost

   Spells                             Type                      Level
   a - Freeze                         Ice                          1
   b - Throw Frost                    Conjuration/Ice              2
   c - Ozocubu's Armour               Charms/Ice                   3
   d - Throw Icicle                   Conjuration/Ice              4
   e - Summon Ice Beast               Ice/Summoning                4
Comestibles
 f - a meat ration


   Skills:
 * Level 1.1(0.6) Fighting
 * Level 1.2(0.7) Short Blades
 * Level 2.5(2.0) Dodging
 + Level 2.1(1.7) Stealth
 + Level 2.9(2.5) Spellcasting
 * Level 1.8(1.3) Conjurations
 + Level 3.5(3.0) Ice Magic


You had one spell level left.
You knew the following spells:

 Your Spells              Type           Power        Failure   Level  Hunger
a - Freeze                Ice            ##..         4%          1    None
b - Throw Frost           Conj/Ice       ##....       12%         2    ##.....
c - Ozocubu's Armour      Chrm/Ice       #.......     24%         3    ###....


Dungeon Overview and Level Annotations

Branches:
Dungeon (3/15)

Altars:
Dithmenos


Message History

The orc is lightly wounded.
The orc hits you but does no damage.
You feel drained.
You barely miss the orc.
The orc is moderately wounded.
You kill the orc!
The orc priest misses you.
Casting: Throw Frost
Confirm with . or Enter, or press ? or * to list all spells.
Aiming: Throw Frost
Press: ? - help, Shift-Dir - straight line, f/p - orc priest
Aim: an orc priest, wielding a trident and wearing a scale mail The puff of frost misses the orc priest.
The orc priest hits you with a trident.
* * * LOW HITPOINT WARNING * * *
Things that are here:
a mace of draining; a leather armour You hit the orc priest.
The orc priest is poisoned.
The orc priest is lightly wounded.
The orc priest hits you with a trident.
You die...

#####..................#
#..................#
#...............?..#
..###...................
......................#
..###.................+
#....ro.o......#
...##....####.##o###
.........# #.##@##
.........# #.##).#
.....###o# #.##### .....
#o# #.###
..<..###o####....
........r.....#
..............#
.....<........##.
.................


You could see an orc priest.

Vanquished Creatures
  An adder (D:3)
  A worm (D:2)
  2 dart slugs (D:1)
  2 leopard geckos (D:2)
  3 orcs (D:3)
  2 bats (D:1)
  8 goblins
  5 hobgoblins
  3 frilled lizards
  3 kobolds
  6 rats
36 creatures vanquished.

Notes
Turn   | Place    | Note
-------+----------+-------------------------------------------
     0 | D:1      | Raymar the High Elf Ice Elementalist began the quest for the Orb.
     0 | D:1      | Reached XP level 1. HP: 11/11 MP: 4/4
   202 | D:1      | Reached XP level 2. HP: 9/18 MP: 2/6
   347 | D:1      | Learned a level 2 spell: Throw Frost
   932 | D:2      | Reached XP level 3. HP: 22/22 MP: 0/8
  1008 | D:2      | Learned a level 3 spell: Ozocubu's Armour
  1031 | D:2      | Found a shadowy altar of Dithmenos.
  1408 | D:3      | Reached skill level 1 in Fighting
  1408 | D:3      | Reached skill level 1 in Short Blades
  1464 | D:3      | Slain by an orc priest

Skill      XL: |  1  2  3 |
---------------+----------+-----
Fighting       | 1 |  1.1
Short Blades   | 1 |  1.2
Dodging        | |  2.5
Stealth        | |  2.1
Spellcasting   | |  2.9
Conjurations   | |  1.8
Ice Magic      | |  3.5

Action                   || total
-------------------------++-------
Melee: Dagger            ||    35
 Cast: Freeze            ||    11
       Throw Frost       ||    29
       Ozocubu's Armour  ||     1
  Use: Scroll            ||     8
       Potion            ||     4
 Stab: Sleeping          ||     2
  Eat: Bread ration      ||     2
Armor: Robe              ||     4
Dodge: Dodged            ||    36
